 Dungeon Crawl Stone Soup version 0.29.1-13-g9f3cf754e1 (webtiles) character file.

Game seed: 14539626148997376811

0 javelincjr the Digger (level 1, 0/10 HPs)
             Began as a Gargoyle Earth Elementalist on Jan 23, 2023.
             Slain by a frilled lizard (2 damage)
             ... on level 1 of the Dungeon.
             The game lasted 00:00:25 (47 turns).

javelincjr the Digger (Gargoyle Earth Elementalist)   Turns: 47, Time: 00:00:26

Health: 0/10       AC:  4    Str: 11    XL:     1   Next: 10%
Magic:  0/3        EV: 11    Int: 15    God:
Gold:   0          SH:  0    Dex: 10    Spells: 3/4 levels left

rFire   . . .      SeeInvis .   (no weapon)
rCold   . . .      Faith    .   (no shield)
rNeg    + . .      Spirit   .   a - +0 robe
rPois   ∞          Reflect  .   (no helmet)
rElec   +          Harm     .   (no cloak)
rCorr   .          Rampage  .   (no gloves)
Will    .....                   (no boots)
Stlth   ++........              (no amulet)
HPRegen 0.03/turn               (no ring)
MPRegen 0.08/turn               (no ring)

@: no status effects
A: sickness immunity, AC +2, negative energy resistance 1, electricity
resistance, torment resistance 1, petrification resistance
a: no special abilities


You were on level 1 of the Dungeon.
You visited 1 branch of the dungeon, and saw 1 of its levels.

Inventory:

Armour
 a - a +0 robe (worn)
Potions
 b - a potion of magic
 c - a potion of haste {unknown}
 d - 2 potions of heal wounds {unknown}


   Skills:
 + Level 1.5 Dodging
 + Level 2.1 Stealth
 + Level 2.0 Spellcasting
 + Level 0.7 Transmutations
 + Level 3.7 Earth Magic


You had 3 spell levels left.
You knew the following spells:

 Your Spells              Type           Power      Damage    Failure   Level
a - Sandblast             Erth           24%        2d8       4%          1

Your spell library contained the following spells:

 Spells                   Type           Power      Damage    Failure   Level
 Passwall                 Tmut/Erth      6%         N/A       14%         2
 Stone Arrow              Conj/Erth      14%        3d7       30%         3
 Petrify                  Tmut/Erth      8%         N/A       65%         4


Dungeon Overview and Level Annotations

Branches:
Dungeon (1/15)

Altars:


Innate Abilities, Weirdness & Mutations

You are immune to sickness and miasma.
Your stone body is resilient. (AC +2)
You are immune to poison.
You resist negative energy. (rN+)
You are resistant to electric shocks. (rElec)
You are resistant to unholy torment.
You are immune to petrification.


Message History

The goblin shouts!
A frilled lizard comes into view.
Casting: Sandblast (safe; 4% risk of failure)
Confirm with . or Enter, or press ? or * to list all spells.
Aiming: Sandblast (safe; 4% risk of failure)
Press: ? - help, Shift-Dir - straight line, f - jackal
Aim: a jackal (77% to hit)
The blast of sand hits the jackal.
The jackal is heavily wounded.
The jackal misses you.
A kobold comes into view. It is wielding a +0 short sword.
The jackal bites you.
Casting: Sandblast (safe; 4% risk of failure)
Confirm with . or Enter, or press ? or * to list all spells.
Aiming: Sandblast (safe; 4% risk of failure)
Press: ? - help, Shift-Dir - straight line, f/p - jackal
Aim: a jackal (heavily wounded, 77% to hit)
The blast of sand misses the jackal.
The jackal barks!
The kobold shouts!
The jackal bites you. The jackal completely misses you.
The jackal attacks as you move away!
The jackal bites you but does no damage.
Found a dagger.
A bat comes into view.
The kobold throws a stone.
The stone hits you.
The bat moves out of view.
The jackal completely misses you. The jackal misses you.
Found a golden potion.
The jackal attacks as you move away! The jackal closely misses you.
Found a dagger and a spear.
The goblin hits you but does no damage.
The kobold hits you with a +0 short sword.
You see here 11 gold pieces.
The goblin attacks as you move away! The goblin hits you with a +0 dagger.
* * * LOW HITPOINT WARNING * * *
Found 2 gold pieces.
The kobold barely misses you.
The jackal bites you but does no damage.
The jackal attacks as you move away! The jackal misses you.
The bat closely misses you.
An endoplasm comes into view.
The frilled lizard bites you.
You die...

#.......#
#..$....# ###
##).....)#
...##!......##
.............#
.......).....#
...............#
.....!....@b...#
.......:.lK...##
....?....ghh.##
...?.........#
.⌠.8.........#
..)J.....†...#
.h.⌠...>.....#
....##.###### ⌠
8.##.#


You could see an endoplasm (wandering), 2 jackals, a goblin, a bat, a kobold and
a frilled lizard.

Vanquished Creatures
  A bat (D:1)
1 creature vanquished.

Notes
Turn   | Place    | Note
-------+----------+-------------------------------------------
     0 | D:1      | javelincjr the Gargoyle Earth Elementalist began the quest
                  | for the Orb.
     0 | D:1      | Reached XP level 1. HP: 10/10 MP: 3/3
    36 | D:1      | Found a faded altar of an unknown god.
    47 | D:1      | Slain by a frilled lizard

Illustrated notes

Levels and vault maps discovered:
D:1:      psy_arrival_whirlpool, layout_rooms, serial_shops, shop,
          hellmonk_ecumenical_altar_dog_temple

Action                   || total
-------------------------++-------
 Cast: Sandblast         ||     3
Armor: Robe              ||     3
Dodge: Dodged            ||     8
